 Dungeon Crawl Stone Soup version 0.30-b1-2-g02819fbbbe (webtiles) character file.

Game seed: 2795875792538679512

76533 LLlMATKO the Severer (level 15, -6/141 HPs)
             Began as a Minotaur Berserker on June 4, 2023.
             Was a High Priest of Trog.
             Splashed by a goliath frog's acid (11 damage)
             ... on level 5 of the Lair of Beasts.
             The game lasted 00:22:02 (19268 turns).

LLlMATKO the Severer (Minotaur Berserker)          Turns: 19268, Time: 00:22:02

Health: -6/141     AC: 20    Str: 35    XL:     15   Next: 12%
Magic:  14/14      EV: 18    Int:  4    God:    Trog [*****.]
Gold:   646        SH:  0    Dex: 11    Spells: 14/14 levels left

rFire   + . .        r - +1 battleaxe (flame)
rCold   + . .        (shield currently unavailable)
rNeg    . . .        O - +2 plate armour {rC+}
rPois   +            U - +2 hat
rElec   +            h - +2 cloak "Sosegov" {rF+ Str+3}
rCorr   .            K - +0 pair of gloves of the Valley {Drain rPois rF- Will+++}
SInv    .            X - +1 pair of boots
Will    +++++        I - amulet of regeneration Stlth
                     a - +5 ring of evasion
HPRegen 1.23/turn    J - ring "Gewkiwa" {rElec rF+ Will+ Str+4 Stlth+}
MPRegen 0.14/turn

%: no passive effects
@: corroded, on berserk cooldown, slowed, studying Polearms, very slow
A: horns 2, retaliatory headbutt
a: Renounce Religion, Berserk, Trog's Hand, Brothers in Arms


You were on level 5 of the Lair of Beasts.
You worshipped Trog.
Trog was extremely pleased with you.
You visited 2 branches of the dungeon, and saw 19 of its levels.
You also visited: Ossuary and Ice Cave.

You collected 2102 gold pieces.
You spent 1456 gold pieces at shops.

Inventory:

Hand Weapons
 c - a +4 broad axe of electrocution
 r - a +1 battleaxe of flaming (weapon)
 H - a +2 heavy war axe
 M - a +3 antimagic broad axe
 N - the +8 sling of Cowardice {freeze, Str+2 Dex+5}
   (You found it in an ice cave)

   Str:       It affects your strength (+2).
   Dex:       It affects your dexterity (+5).
Missiles
 p - 14 boomerangs (quivered)
 q - 70 poisoned darts
 u - 5 throwing nets
 D - 8 curare-tipped darts
Armour
 h - the +2 cloak "Sosegov" (worn) {rF+ Str+3}
   (You found it on level 11 of the Dungeon)

   Str:       It affects your strength (+3).
   rF:        It protects you from fire.
 A - a +0 kite shield
 K - the +0 pair of gloves of the Valley (worn) {Drain rPois rF- Will+++}
   (You acquired it on level 12 of the Dungeon)

   rF:        It makes you vulnerable to fire.
   rPois:     It protects you from poison.
   Drain:     It drains your maximum health when unequipped.
   Will:      It greatly increases your willpower.
 O - a +2 plate armour of cold resistance (worn)
 Q - a +2 kite shield of cold resistance
 U - a +2 hat (worn)
 X - a +1 pair of boots (worn)
Jewellery
 a - a +5 ring of evasion (left hand)
 t - a ring of fire
 I - an amulet of regeneration (around neck)
 J - the ring "Gewkiwa" (right hand) {rElec rF+ Will+ Str+4 Stlth+}
   (You found it on level 10 of the Dungeon)

   [ring of protection from fire]

   Str:       It affects your strength (+4).
   rF:        It protects you from fire.
   rElec:     It insulates you from electricity.
   Will:      It increases your willpower.
   Stlth:     It makes you more stealthy.
 R - a +6 ring of intelligence
 T - a ring of ice
 W - a ring of ice
Wands
 x - a wand of polymorph (4)
 y - a wand of quicksilver (7)
 F - a wand of roots (28)
 L - a wand of paralysis (4)
 P - a wand of digging (4)
 V - a wand of flame (24)
Scrolls
 b - 8 scrolls of identify
 d - 4 scrolls of noise
 f - 4 scrolls of teleportation
 g - 7 scrolls of enchant armour
 i - 3 scrolls of poison
 j - 4 scrolls of immolation
 k - a scroll of brand weapon
 o - 3 scrolls of fog
 w - a scroll of enchant weapon
 C - 2 scrolls of blinking
Potions
 e - 3 potions of magic
 l - 5 potions of haste
 m - 8 potions of heal wounds
 n - 4 potions of flight
 s - 2 potions of invisibility
 v - 11 potions of curing
 z - 2 potions of resistance
 B - 2 potions of berserk rage
 E - 4 potions of might
 G - 3 potions of ambrosia
 S - a potion of lignification {unknown}


   Skills:
 + Level 15.2 Fighting
 + Level 15.3 Axes
 + Level 15.1 Armour
 + Level 13.9 Dodging
 + Level 13.2 Shields


You had 14 spell levels left.
You didn't know any spells.
Your spell library was empty.

Dungeon Overview and Level Annotations

Branches:
Dungeon (14/15)            Temple (0/1) D:7            Lair (5/5) D:11
 Shoals (0/4) Lair:2       Spider (0/4) Lair:3          Orc (0/2) D:11
Ossuary (visited)           IceCv (visited)
  Slime: Lair:4-5    Vaults: D:13-14

Altars:
Cheibriados
Elyvilon
Kikubaaqudgha
Makhleb
Qazlal
Ru
Trog
Wu Jian
Xom
Zin

Shops:
D:1 ?*   D:12 (?=   D:13 [

Portals:
Trove: D:12 (give +3 storm dragon scales)


Innate Abilities, Weirdness & Mutations

You have a pair of horns on your head.
You reflexively headbutt those who attack you in melee.


Message History

You feel your anger nearly subside.
You are no longer berserk.
You are exhausted.
You feel yourself slow down.
Found 4 stones.
The goliath frog hits you from afar!
* * * LOW HITPOINT WARNING * * *
You are splashed with acid!
* * * LOW HITPOINT WARNING * * *
The goliath frog misses you.
The goliath frog hits you but does no damage.
You slice the goliath frog!! You burn the goliath frog.
Your headbutt misses the goliath frog.
The goliath frog is severely wounded.
The goliath frog hits you.
* * * LOW HITPOINT WARNING * * *
The acid corrodes you!
You are splashed with acid!
* * * LOW HITPOINT WARNING * * *
You hit the goliath frog. You burn the goliath frog.
The goliath frog is severely wounded.
The goliath frog closely misses you. The goliath frog hits you.
* * * LOW HITPOINT WARNING * * *
The acid corrodes you!
You are splashed with acid!
* * * LOW HITPOINT WARNING * * *
Unknown command.
You barely miss the goliath frog.
The goliath frog is severely wounded.
You hear the deafening beating of a distant drum.
The goliath frog misses you. You furiously retaliate!
You headbutt the goliath frog, but do no damage.
The goliath frog closely misses you.
A vampire mosquito comes into view.
The vampire mosquito buzzes angrily.
You slash the goliath frog! You burn the goliath frog.
You headbutt the goliath frog, but do no damage.
The goliath frog is almost dead.
The goliath frog hits you!
* * * LOW HITPOINT WARNING * * *
You are splashed with acid!
You die...

#.#......P.........
##.#..†..............
###...†.............
#...†.............
###...............
###...........y.
##............
#....F.......
##....@.....(.
#.............
##...<........
#............
#<...........
#............
.............
#.............
#############


You could see a goliath frog and a vampire mosquito.

Vanquished Creatures
  Rupert (D:12)
  Gastronok (Lair:2)
  2 azure jellies (IceCv)
  2 quicksilver oozes (IceCv)
  Harold (Lair:1)
  Fannar (Lair:2)
  A catoblepas (Lair:3)
  2 hydras (Lair:5)
  2 boulder beetles
  4 centaur warriors
  A two-headed ogre (D:13)
  15 death yaks (Lair:5)
  Nergalle (Lair:1)
  Amaemon (Lair:1)
  A goliath frog (Lair:5)
  2 skysharks
  An oklob plant (Lair:5)
  6 cyclopes
  3 manticores
  4 ugly things
  4 elephants (Lair:5)
  A merfolk siren (Lair:2)
  A guardian serpent (shapeshifter) (D:11)
  3 black mambas
  2 ice statues (IceCv)
  2 gargoyles
  An orange demon (Lair:1)
  2 torpor snails
  Maggie (D:8)
  15 cane toads
  An efreet (D:13)
  7 komodo dragons
  An unseen horror (D:11)
  2 rime drakes
  2 kobold demonologists (D:10)
  2 ice devils (Lair:3)
  A meliai (shapeshifter) (D:13)
  4 trolls
  A tyrant leech (Lair:5)
  22 blink frogs
  11 dream sheep
  A shadow (D:11)
  A jumping spider (Lair:3)
  A vampire (D:11)
  4 wyverns
  16 slime creatures
  3 basilisks
  64 yaks
  8 vampire mosquitoes
  2 steam dragons
  18 water moccasins
  An acid dragon (D:12)
  A black bear (D:5)
  5 orc warriors
  5 ice beasts (D:11)
  2 sky beasts (D:7)
  2 ogres (D:5)
  6 great orb of eyes simulacra (IceCv)
  10 wolves
  11 centaurs
  2 phantoms (D:5)
  A slime creature simulacrum (IceCv)
  10 kobold brigands
  The ghost of arta456 the Conjurer, an amateur DECj (D:3)
  12 bullfrogs
  A gnoll sergeant (D:7)
  6 scorpions
  2 glowing shapeshifter simulacra (IceCv)
  5 wights (D:7)
  16 killer bees
  2 electric eels (D:8)
  4 howler monkeys
  A centaur zombie (D:7)
  5 orc priests
  A bullfrog zombie (D:7)
  2 jellies
  2 hounds
  A gnoll bouda (D:5)
  2 sleepcaps
  10 hell rats
  4 iguanas
  12 orc wizards
  3 shapeshifter simulacra (IceCv)
  2 mummies
  A howler monkey zombie (D:7)
  13 adders
  12 gnolls
  2 shadow imps
  3 white imps (D:7)
  An ufetubus (D:7)
  A worm (D:5)
  4 dart slugs
  34 orcs
  3 spectral bats (Ossuary)
  9 endoplasms
  11 giant cockroaches
  12 gnoll zombies (Ossuary)
  6 goblins
  5 hobgoblins
  7 jackals
  10 quokkas
  5 ball pythons
  7 bats
  5 bat simulacra (Ossuary)
  3 frilled lizards
  2 goblin simulacra (Ossuary)
  4 goblin zombies (Ossuary)
  4 hobgoblin zombies (Ossuary)
  36 kobolds
  4 kobold zombies
  7 orc zombies (Ossuary)
  5 rats
  2 rat simulacra (Ossuary)
  A rat zombie (D:8)
  3 spectral goblins (Ossuary)
  4 spectral kobolds (Ossuary)
  6 spectral rats (Ossuary)
638 creatures vanquished.

Vanquished Creatures (collateral kills)
  The ghost of Ceyroiss the Quickloader, a journeyman HuWn of Dithmenos (Lair:4)
  A dancing weapon (Lair:4)
  The ghost of snakesoul the Digger, an amateur OpEE (D:3)
3 creatures vanquished.

Vanquished Creatures (others)
  A deep elf pyromancer (D:12)
  An unseen horror (D:11)
  An orc (D:7)
  A butterfly (D:4)
  23 fungi
  66 plants
  10 withered plants
103 creatures vanquished.

Grand Total: 744 creatures vanquished

Notes
Turn   | Place    | Note
-------+----------+-------------------------------------------
     0 | D:1      | LLlMATKO the Minotaur Berserker began the quest for the
                  | Orb.
     0 | D:1      | Reached XP level 1. HP: 19/19 MP: 0/0
   298 | D:1      | Reached XP level 2. HP: 25/27 MP: 1/1
   306 | D:1      | Found Fieng's Magic Scroll Shoppe.
   381 | D:1      | Found Hyateo's Assorted Antiques.
   853 | D:2      | Reached XP level 3. HP: 32/33 MP: 2/2
   932 | D:2      | Found a burning altar of Makhleb.
   944 | D:2      | Reached ** piety under Trog
  1090 | D:2      | Reached XP level 4. HP: 41/41 MP: 3/3
  1822 | D:2      | Found a burning altar of Makhleb.
  2689 | D:3      | Reached XP level 5. HP: 47/47 MP: 4/4
  2857 | D:3      | Found a faded altar of an unknown god.
  2889 | D:3      | Found a runed translucent gate.
  2889 | D:3      | Found a runed translucent gate.
  2889 | D:3      | Found a runed translucent gate.
  2890 | D:3      | Noticed snakesoul's ghost (amateur OpEE)
  2890 | D:3      | Noticed arta456's ghost (amateur DECj)
  3319 | D:4      | Reached skill level 5 in Fighting
  3319 | D:4      | Reached skill level 5 in Axes
  3326 | D:4      | Reached XP level 6. HP: 28/56 MP: 5/5
  3585 | D:4      | Found a sacrificial altar of Ru.
  3612 | D:4      | Found an ancient bone altar of Kikubaaqudgha.
  3764 | D:4      | Reached skill level 5 in Armour
  3764 | D:4      | Reached XP level 7. HP: 48/62 MP: 6/6
  3871 | D:4      | Reached *** piety under Trog
  4041 | D:4      | Found a white marble altar of Elyvilon.
  4210 | D:4      | Reached skill level 5 in Dodging
  4352 | D:4      | Found an ornate altar of the Wu Jian Council.
  4466 | D:5      | Entered Level 5 of the Dungeon
  4531 | D:5      | Identified the +2 leather armour of Impish Liberty {rPois
                  | Will- Dex+6}
  4569 | D:5      | Reached XP level 8. HP: 71/71 MP: 7/7
  5010 | D:5      | Found a shimmering altar of Xom.
  5108 | D:5      | Found a bloodstained altar of Trog.
  5264 | D:5      | Reached **** piety under Trog
  6829 | D:7      | Reached XP level 9. HP: 50/81 MP: 8/8
  7027 | D:7      | Reached skill level 1 in Shields
  8154 | D:7      | Found a staircase to the Ecumenical Temple.
  8305 | D:8      | Reached XP level 10. HP: 91/91 MP: 9/9
  8344 | D:8      | Noticed Maggie
  8369 | D:8      | HP: 4/91 [Maggie/+0 halberd (8)]
  8373 | D:8      | Killed Maggie
  8730 | D:8      | Found a sand-covered staircase.
  8744 | Ossuary  | Entered an ossuary
  8756 | Ossuary  | Reached ***** piety under Trog
  8814 | Ossuary  | Received a gift from Trog
  9791 | D:9      | Found a snail-covered altar of Cheibriados.
 10005 | D:9      | Received a gift from Trog
 10058 | D:9      | Found a glowing silver altar of Zin.
 10143 | D:9      | Found a stormy altar of Qazlal.
 10192 | D:9      | Reached skill level 5 in Shields
 10582 | D:10     | Entered Level 10 of the Dungeon
 10629 | D:10     | Reached skill level 10 in Axes
 10631 | D:10     | Reached skill level 10 in Fighting
 10631 | D:10     | Noticed an orange demon
 10637 | D:10     | Noticed an orange demon
 10960 | D:10     | Identified the ring "Gewkiwa" {rElec rF+ Will+ Str+4
                  | Stlth+}
 11324 | D:11     | Found a staircase to the Lair.
 11326 | D:11     | Noticed a manticore
 11341 | D:10     | Reached skill level 10 in Armour
 11502 | D:11     | Reached XP level 11. HP: 97/101 MP: 10/10
 11718 | D:11     | Noticed a brown ugly thing
 11728 | D:11     | Killed a brown ugly thing
 11735 | D:11     | Identified the +2 cloak "Sosegov" {rF+ Str+3}
 12031 | D:11     | Found a staircase to the Orcish Mines.
 12690 | D:12     | Noticed a boulder beetle
 12697 | D:12     | Killed a boulder beetle
 12698 | D:12     | Reached skill level 10 in Dodging
 12748 | D:12     | Found Raen's Magic Scroll Shoppe.
 12750 | D:12     | Noticed a deep elf pyromancer
 12751 | D:12     | Found Qyixt's Jewellery Shop.
 12801 | D:12     | Noticed a red ugly thing
 12805 | D:12     | Noticed Rupert
 12808 | D:12     | Killed a red ugly thing
 12857 | D:12     | Killed Rupert
 12911 | D:12     | Reached XP level 12. HP: 106/110 MP: 11/11
 13069 | D:12     | Bought a scroll of acquirement for 728 gold pieces
 13069 | D:12     | Acquired the +0 pair of gloves of the Valley {Drain rPois
                  | rF- Will+++}
 13130 | D:12     | Noticed a centaur warrior
 13137 | D:12     | Killed a centaur warrior
 13324 | D:12     | Found Kauxtejo's Antique Weapon Shop.
 13401 | D:12     | Found a portal to a secret trove of treasure.
 13454 | D:13     | Noticed a centaur warrior
 13454 | D:13     | Noticed a two-headed ogre
 13478 | D:13     | Killed a centaur warrior
 13480 | D:13     | Killed a two-headed ogre
 13524 | D:13     | Noticed a centaur warrior
 13529 | D:13     | Killed a centaur warrior
 13598 | D:13     | Noticed a centaur warrior
 13606 | D:13     | Killed a centaur warrior
 13803 | D:13     | Received a gift from Trog
 13999 | D:13     | Noticed a boulder beetle
 14014 | D:13     | Killed a boulder beetle
 14137 | D:13     | Found Cheibriados's Comfort Zone.
 14137 | D:13     | Found a snail-covered altar of Cheibriados.
 14460 | Lair:1   | Entered Level 1 of the Lair of Beasts
 14460 | Lair:1   | Noticed Harold
 14469 | Lair:1   | Killed Harold
 14470 | Lair:1   | Reached skill level 10 in Shields
 14537 | Lair:1   | Noticed Nergalle
 14543 | Lair:1   | Killed Nergalle
 14544 | Lair:1   | Reached XP level 13. HP: 119/119 MP: 4/12
 15044 | Lair:1   | Noticed Amaemon
 15056 | Lair:1   | Killed Amaemon
 15513 | Lair:2   | Noticed Gastronok
 15525 | Lair:2   | Killed Gastronok
 15599 | Lair:2   | Noticed Fannar
 15611 | Lair:2   | Killed Fannar
 16038 | Lair:2   | Found a staircase to the Shoals.
 16229 | Lair:3   | Received a gift from Trog
 16278 | Lair:3   | Found a frozen archway.
 16292 | IceCv    | Entered an ice cave
 16349 | IceCv    | Noticed a quicksilver ooze
 16354 | IceCv    | Killed a quicksilver ooze
 16438 | IceCv    | Noticed a quicksilver ooze
 16443 | IceCv    | Killed a quicksilver ooze
 16444 | IceCv    | Reached XP level 14. HP: 112/130 MP: 5/13
 16541 | IceCv    | Noticed an azure jelly
 16543 | IceCv    | Found a viscous altar of Jiyva.
 16543 | IceCv    | Noticed an azure jelly
 16547 | IceCv    | Killed an azure jelly
 16550 | IceCv    | Killed an azure jelly
 16612 | IceCv    | Got the +8 sling of Cowardice {freeze, Str+2 Dex+5}
 16854 | Lair:3   | Identified the +2 morningstar of Readgh {freeze, rCorr}
 16908 | Lair:3   | Found a hole to the Spider Nest.
 17656 | Lair:4   | Found a runed translucent door.
 17657 | Lair:4   | Found a shimmering altar of Xom.
 17657 | Lair:4   | Noticed Ceyroiss's ghost (journeyman HuWn)
 17893 | Lair:4   | Received a gift from Trog
 18332 | Lair:4   | Killed Ceyroiss's ghost
 18605 | D:3      | Killed snakesoul's ghost
 18606 | D:3      | Killed arta456's ghost
 18696 | D:1      | Bought a scroll of acquirement for 728 gold pieces
 18696 | D:1      | Acquired 607 gold pieces
 18975 | Lair:5   | Entered Level 5 of the Lair of Beasts
 19171 | Lair:5   | Reached skill level 15 in Axes
 19180 | Lair:5   | Reached skill level 15 in Fighting
 19180 | Lair:5   | Received a gift from Trog
 19228 | Lair:5   | Reached skill level 15 in Armour
 19242 | Lair:5   | Reached XP level 15. HP: 88/141 MP: 14/14
 19268 | Lair:5   | HP: 5/141 [goliath frog (15)]
 19268 | Lair:5   | Splashed by a goliath frog's acid

Illustrated notes

Levels and vault maps discovered:
D:1:      tarquinn_simple_flora_water_b, layout_loops_ring, serial_shops, shop,
          shop
D:2:      wad_woods_tower, layout_basic, basic_altar, minmay_pentomino_t2
D:3:      layout_basic, gammafunk_ghost_cemetery,
          chequers_ecumenical_altar_twisty, minivault_23
D:4:      old_forge, layout_rooms, nicolae_ru_the_path_less_chosen,
          nicolae_elyvilon_peaceful_grove, nicolae_wu_jian_immortal_techniques,
          kiku_gazebo_pond_becter
D:5:      layout_loops_ring, mainiacjoe_overflow_six_doors_small,
          mainiacjoe_overflow_tiny_flanked, minmay_manual_mullet
D:6:      layout_loops_corners, kennysheep_pointless_box
D:7:      layout_loops_cross, minmay_temple_entry_fiery, serial_undead,
          serial_undead_c, serial_undead_c, serial_undead_e, serial_undead_e,
          minmay_joined_circles
D:8:      layout_gridville, enter_ossuary_3, minivault_4, uniq_maggie
D:9:      layout_irregular_city, nicolae_overflow_hidden_temple,
          chei_slow_surprise
D:10:     layout_rooms, amcnicky_mini_corridor_feature
D:11:     layout_rooms, hellmonk_lair_entry_icy, david_orc_2, evilmike_minifort
D:12:     layout_rooms, serial_shops, nicolae_shop_statue_plus, shop,
          nicolae_shop_tiny_glass, nicolae_trove_entry_crystal, uniq_rupert
D:13:     layout_long_grid, minmay_shop_chei, grunt_ministairs_1,
          david_defended_altar_orc
D:14:     layout_cave_pods, skrybe_vaults_entry_preservation, hive_lemuel
Lair:1:   layout_roguey, uniq_amaemon, uniq_nergalle, uniq_harold
Lair:2:   layout_small_grid, minmay_shoals_entry_lonely_mermaid,
          grunt_megastairs_3, uniq_gastronok, uniq_fannar
Lair:3:   layout_chaotic_city, spider_nest_entry_rubble,
          portal_ice_cave_demonic_guard
Lair:4:   layout_gridlike, ebering_ghost_xom
Lair:5:   minmay_lair_end_frog_pond, layout_hall_layers,
          dpeg_slime_entry_corner, gauntlet_entry_generic

Skill      XL: |  1  2  3  4  5  6  7  8  9 10 11 12 13 14 |
---------------+-------------------------------------------+-----
Fighting       | 4 5 6 7 9 10 11 12 13 15 | 15.2
Axes           | 4 5 6 8 9 10 11 12 14 15 | 15.3
Armour         | 3 4 5 7 8 10 11 12 13 15 | 15.1
Dodging        | 3 4 5 6 7 9 10 11 12 13 | 13.9
Shields        | 4 6 8 10 11 13 | 13.2

Action                     |  1- 3 |  4- 6 |  7- 9 | 10-12 | 13-15 || total
---------------------------+-------+-------+-------+-------+-------++-------
  Melee: Hand axe          |    74 |    36 |       |       |       ||   110
         Headbutt          |     9 |    13 |    45 |    96 |   108 ||   271
         Punch             |     1 |     1 |       |       |       ||     2
         War axe           |       |    60 |   309 |    88 |       ||   457
         Broad axe         |       |       |       |   382 |    71 ||   453
         Battleaxe         |       |       |       |       |   400 ||   400
  Throw: Boomerang         |       |       |       |    20 |       ||    20
 Invoke: Berserk           |     1 |     1 |     8 |    12 |     8 ||    30
         Trog's Hand       |       |     1 |     1 |     1 |     5 ||     8
         Brothers in Arms  |       |       |       |     1 |     2 ||     3
    Use: Scroll            |       |       |    10 |    16 |     4 ||    30
         Potion            |       |       |       |     1 |       ||     1
   Stab: Sleeping          |     1 |       |       |       |       ||     1
         Distracted        |     1 |       |       |       |     1 ||     2
 Armour: Scale mail        |    24 |    33 |    90 |       |       ||   147
         Animal skin       |     1 |       |       |       |       ||     1
         Plate armour      |       |       |     6 |   202 |   245 ||   453
  Dodge: Dodged            |    38 |    91 |   247 |   307 |   406 ||  1089
  Block: Kite shield       |       |       |    53 |   265 |    47 ||   365
